Map: Whitewater Line LE

Players

VNxNicky

  • Race: Terran Terran
  • Spawn Location: 7:00

ZzDragonzZ

  • Race: Terran Terran
  • Spawn Location: 6:00

Sylard

  • Race: Terran Terran
  • League: Gold
  • Spawn Location: 7:00

PiPuxD - Winner!

  • Race: Terran Terran
  • League: Gold
  • Spawn Location: 1:00

MattBarry - Winner!

  • Race: Zerg Zerg
  • League: Gold
  • Spawn Location: 12:00

Alebay - Winner!

  • Race: Protoss Protoss
  • Spawn Location: 1:00

VOD

Have the link to the VOD?

Description

Time

  • Played on: Jan. 28, 2023, 4:35 a.m.
  • Length: 16:47
Show
View Real Time Build Order
Export as new Build Order

VNxNicky Terran 

Build Orders:  

Get SALT Encoding   

  12  0:00  SCV  
  13  0:12  SCV  
  14  0:19  Supply Depot  
  14  0:24  SCV  
  15  0:41  SCV  
  16  0:45  Barracks  
  16  0:53  SCV  
  17  1:00  Refinery  
  17  1:03  Refinery  
  17  1:05  SCV  
  18  1:17  SCV  
  19  1:29  SCV  
  20  1:41  SCV  
  21  1:52  Barracks Reactor  
  21  2:00  Factory  
  21  2:09  Command Center  
  21  2:16  Engineering Bay  
  21  2:21  Orbital Command  
  21  2:28  Marine  
  22  2:46  Marine  
  23  2:57  Marine  
  23  3:08  Factory Tech Lab  
  23  3:19  Supply Depot  
  23  3:23  Supply Depot  
  23  3:29  Marine x2  
  25  3:44  Supply Depot, SCV  
  25  3:47  Marine x2  
  28  3:54  Cyclone  
  31  3:56  SCV  
  32  4:03  SCV  
  32  4:08  SCV  
  34  4:15  SCV  
  35  4:20  SCV  
  36  4:27  SCV  
  36  4:28  Factory  
  37  4:31  Factory  
  37  4:32  SCV  
  37  4:37  Refinery  
  38  4:39  SCV  
  39  4:51  SCV  
  40  4:59  Refinery  
  41  5:12  Orbital Command  
  40  5:15  Factory  
  40  5:24  Factory  
  40  5:35  Factory Reactor x2  
  40  5:39  Widow Mine  
  42  5:49  Supply Depot  
  42  5:50  Supply Depot  
  42  6:00  Hi-Sec Auto Tracking  
  42  6:01  Widow Mine  
  44  6:13  Supply Depot  
  44  6:22  Cyclone  
  47  6:27  Widow Mine x4  
  55  6:42  Starport  
  55  6:48  Widow Mine x2  
  55  6:49  Widow Mine  
  55  6:50  SCV x2  
  63  6:54  Cyclone  
  66  7:02  SCV x2  
  66  7:05  Command Center  
  68  7:14  SCV x2  
  70  7:26  Cyclone, SCV x2  
  75  7:38  SCV x2  
  75  7:43  Factory Tech Lab  
  77  7:58  Cyclone  
  80  8:22  Factory Tech Lab  
  80  8:28  Cyclone  
  80  8:30  Cyclone  
  86  8:42  Widow Mine x3  
  92  8:51  SCV  
  93  9:00  Cyclone  
  96  9:02  Cyclone  
  96  9:03  Widow Mine  
  101  9:10  Supply Depot x2  
  101  9:15  Widow Mine x2, SCV  
  97  9:24  Widow Mine  
  97  9:27  SCV  
  94  9:32  Supply Depot, Cyclone  
  94  9:33  Supply Depot  
  94  9:35  Cyclone  
  94  9:37  Widow Mine x2  
  104  9:39  SCV  
  105  9:46  Widow Mine  
  105  9:51  SCV  
  108  9:59  Supply Depot  
  108  10:04  Cyclone  
  114  10:07  Cyclone  
  114  10:11  Planetary Fortress  
  114  10:23  SCV  
  115  10:35  SCV  
  116  10:36  Cyclone  
  119  10:47  SCV  
  118  11:14  Missile Turret  
  118  11:15  Missile Turret  
  118  11:16  Missile Turret  
  118  11:18  Missile Turret  
  118  11:37  Missile Turret  
  110  11:40  Missile Turret  
  110  11:44  Missile Turret  
  38  13:06  Cyclone x2  
  38  13:08  Widow Mine  
  38  13:09  Widow Mine  
  48  13:29  Widow Mine  
  48  13:30  Widow Mine  
  52  13:37  Factory  
  52  13:38  Cyclone x2  
  58  13:51  Widow Mine x2  
  62  13:57  Armory  
  62  14:10  Cyclone x2  
  62  14:12  Widow Mine  
  62  14:13  Widow Mine  
  62  14:14  Armory  
  48  14:43  Cyclone  
  34  14:53  Factory Tech Lab  
  34  15:15  Cyclone  
  34  15:16  Cyclone  
  40  15:25  Missile Turret x4  
  40  15:27  Missile Turret  
  40  15:29  Missile Turret  
  40  15:31  Missile Turret  
  40  15:47  Cyclone  
  40  15:48  Cyclone  
Show
View Real Time Build Order
Export as new Build Order

ZzDragonzZ Terran 

Build Orders:  

Get SALT Encoding   

  12  0:13  Supply Depot  
  12  0:14  SCV  
  13  0:28  Refinery  
  13  0:39  Barracks  
  13  0:51  Engineering Bay  
  13  0:55  SCV  
  14  1:07  SCV  
  15  1:19  SCV  
  16  1:28  Barracks  
  16  1:39  Supply Depot  
  16  1:49  Orbital Command  
  16  2:08  Factory  
  16  2:18  Marine x2  
  18  2:34  Refinery  
  18  2:35  SCV  
  19  2:47  SCV  
  20  2:59  SCV  
  20  3:02  Barracks Tech Lab  
  20  3:03  Barracks Tech Lab  
  21  3:06  Factory Tech Lab  
  21  3:11  SCV  
  22  3:14  Starport  
  22  3:26  SCV  
  23  3:32  Terran Infantry Weapons Level 1  
  23  3:38  SCV  
  24  3:41  Marine x2  
  24  3:46  Siege Tank  
  29  3:52  Starport Tech Lab  
  29  3:59  Marine x2  
  31  4:06  Armory  
  31  4:24  Supply Depot  
  31  4:25  Supply Depot  
  31  4:45  Marine x2, Medivac  
  35  4:53  Missile Turret  
  35  4:54  Missile Turret  
  35  5:03  Marine  
  36  5:25  Supply Depot  
  36  5:40  Command Center, Siege Tank  
  39  5:52  Factory  
  39  6:01  Fusion Core, Terran Vehicle And Ship Armor Level 1  
  39  6:06  Terran Infantry Armor Level 1  
  39  6:15  SCV  
  40  6:27  SCV  
  41  6:37  Medivac  
  41  6:38  Marine x2  
  41  6:39  SCV  
  46  6:56  Marine  
  47  7:07  Sensor Tower  
  47  7:20  Starport  
  47  7:26  Missile Turret  
  47  7:28  Missile Turret  
  47  7:32  Factory Tech Lab  
  47  7:48  Missile Turret  
  47  8:11  Missile Turret  
  47  8:16  SCV  
  30  8:28  SCV  
  31  8:40  SCV  
  17  8:56  Marine x2  
  15  9:03  Starport Tech Lab  
  15  9:14  Marine x2  
  13  9:32  Marine x2  
  15  9:50  Marine, SCV  
  17  10:33  SCV  
  18  10:59  SCV  
  19  11:15  SCV  
  20  11:27  SCV  
  21  11:39  SCV  
Show
View Real Time Build Order
Export as new Build Order

Sylard Terran 

Build Orders:  

Get SALT Encoding   

  12  0:18  Supply Depot  
  12  0:25  SCV  
  13  0:37  SCV  
  14  0:45  Barracks  
  14  0:49  SCV  
  15  0:58  Supply Depot  
  15  1:01  SCV  
  16  1:08  Refinery  
  16  1:13  SCV  
  17  1:25  SCV  
  17  1:28  Barracks  
  18  1:37  Marine  
  18  1:38  SCV  
  18  1:39  Refinery  
  20  1:50  Supply Depot, SCV  
  21  1:59  Barracks Tech Lab  
  21  2:02  SCV  
  22  2:14  SCV  
  23  2:26  SCV  
  24  2:33  Factory  
  24  2:42  Orbital Command  
  24  2:56  Barracks Reactor  
  26  2:58  Marauder  
  26  3:17  SCV  
  26  3:18  Command Center  
  26  3:19  Marine  
  28  3:35  Marine x2  
  28  3:37  Marine  
  31  3:42  Factory Reactor  
  31  3:47  Starport  
  31  3:53  Marine x2  
  31  3:55  Marine  
  34  4:11  Marine x2  
  34  4:13  Marauder  
  38  4:28  Marine  
  38  4:29  Marine  
  40  4:35  Marauder  
  42  4:42  Supply Depot  
  42  4:45  Hellion x2  
  46  4:46  Marine  
  46  4:52  Medivac  
  49  4:56  Marauder  
  49  4:58  Starport  
  51  5:06  Hellion x2  
  51  5:07  Supply Depot  
  55  5:12  SCV  
  56  5:17  Marauder  
  58  5:24  SCV  
  59  5:36  SCV  
  60  5:45  Starport Tech Lab  
  60  5:46  Liberator  
  60  5:48  SCV  
  64  6:00  SCV, Engineering Bay  
  65  6:04  Supply Depot  
  65  6:12  SCV, Refinery  
  66  6:24  SCV  
  67  6:29  Liberator  
  64  6:55  SCV  
  64  7:00  Marine x2, Marauder, Refinery  
  69  7:04  Medivac  
  69  7:07  SCV  
  72  7:12  Medivac  
  74  7:17  Marine  
  74  7:19  SCV  
  74  7:22  Starport  
  76  7:30  Armory  
  76  7:31  SCV  
  77  7:43  SCV  
  78  7:46  Supply Depot  
  78  8:07  Liberator x2  
  78  8:08  SCV  
  78  8:09  Supply Depot  
  85  8:14  Terran Infantry Weapons Level 1  
  85  8:20  SCV  
  86  8:33  Supply Depot  
  60  8:46  Marine x2, Marauder  
  64  8:50  Liberator  
  67  8:56  Supply Depot  
  67  9:04  Marine x2  
  67  9:08  Marauder  
  71  9:22  Marine x2  
  73  9:27  SCV  
  73  9:29  Marine  
  72  9:32  Missile Turret  
  72  9:39  SCV  
  73  9:47  Marauder  
  73  9:49  Marine  
  73  9:50  Starport Tech Lab  
  73  9:51  SCV  
  77  9:53  Missile Turret  
  77  10:03  SCV  
  78  10:08  Terran Infantry Armor Level 1, Marauder  
  80  10:15  SCV  
  81  10:23  Marine  
  82  10:30  Marauder  
  84  10:40  Terran Vehicle And Ship Armor Level 1  
  84  10:44  Fusion Core  
  84  10:51  Marauder  
  86  11:19  Marauder, Hellion x2  
  58  11:40  Marauder, Hellion x2  
  63  11:50  Marine x2  
  60  12:01  Marauder  
  62  12:17  SCV  
  52  12:23  Marauder  
  52  12:28  Marine x2  
  52  12:29  SCV  
  57  12:31  Battlecruiser x2  
  57  12:34  Terran Ship Weapons Level 1  
  69  12:41  SCV  
  69  12:44  Marine  
  68  12:46  Marine x2  
  61  12:53  SCV  
  62  13:02  Marauder  
  52  13:05  SCV  
  53  13:14  SCV  
  53  13:17  SCV  
  55  13:23  Marauder  
  56  13:36  Battlecruiser  
  60  13:50  SCV  
  14  15:26  Barracks Tech Lab  
  14  15:27  Marine  
  15  15:31  Widow Mine  
  15  15:32  Widow Mine  
Show
View Real Time Build Order
Export as new Build Order

PiPuxD Terran - Winner!

Build Orders: Reaper Expand 

Get SALT Encoding   

  12  0:00  SCV  
  13  0:12  SCV  
  14  0:18  Supply Depot  
  14  0:24  SCV  
  15  0:39  SCV  
  15  0:40  Barracks  
  16  0:46  Refinery  
  16  0:51  SCV  
  17  1:03  SCV  
  18  1:16  SCV  
  19  1:29  Reaper, Orbital Command  
  20  1:43  Command Center  
  20  1:55  Supply Depot  
  20  1:57  SCV  
  21  2:01  Barracks Reactor  
  21  2:10  SCV  
  21  2:12  Refinery  
  22  2:22  SCV  
  23  2:27  Barracks  
  23  2:35  SCV  
  24  3:01  Marine x2, SCV  
  27  3:08  Factory  
  27  3:12  Orbital Command  
  27  3:14  Barracks  
  27  3:15  SCV  
  28  3:21  Marine x2  
  28  3:23  Barracks Tech Lab  
  30  3:27  SCV  
  31  3:36  Engineering Bay  
  31  3:38  SCV  
  31  3:39  SCV  
  33  3:41  Marine  
  33  3:42  Marine  
  33  3:43  Combat Shield  
  35  3:49  Ghost Academy  
  35  3:55  Starport  
  35  3:56  Factory Reactor  
  35  4:04  Barracks Reactor  
  35  4:07  Barracks Tech Lab  
  35  4:10  SCV x2  
  35  4:16  Supply Depot, Terran Infantry Weapons Level 1  
  37  4:21  Engineering Bay  
  37  4:22  SCV  
  37  4:23  SCV  
  39  4:28  Marine x3  
  42  4:31  Marine  
  42  4:35  Nuke, SCV x2  
  45  4:47  SCV x2  
  45  4:49  Supply Depot x2  
  45  4:50  Terran Infantry Armor Level 1  
  45  4:52  Refinery  
  47  4:54  Marine  
  47  4:59  SCV  
  49  5:06  Stimpack  
  49  5:10  SCV  
  49  5:11  SCV  
  51  5:22  SCV  
  51  5:23  SCV  
  51  5:26  Armory  
  53  5:31  Marine x2, Refinery  
  55  5:38  Personal Cloaking  
  55  5:47  SCV x2  
  55  5:49  Marine x2  
  58  5:50  Marine x2  
  58  5:56  Supply Depot x2  
  61  5:58  Command Center  
  61  5:59  SCV x2  
  61  6:00  Medivac  
  61  6:03  Medivac  
  67  6:11  Marine x3  
  69  6:17  Marine  
  71  6:20  Supply Depot  
  71  6:21  Supply Depot  
  71  6:28  Ghost  
  71  6:30  Marine  
  71  6:32  Marine  
  75  6:35  Ghost  
  77  6:53  Terran Infantry Weapons Level 2  
  77  6:58  Terran Infantry Armor Level 2  
  77  7:13  Marine x3, SCV x2  
  77  7:14  Marine  
  83  7:19  Ghost Academy  
  83  7:21  Orbital Command  
  83  7:27  SCV  
  83  7:28  SCV  
  85  7:40  SCV x2  
  87  8:02  Marine x2, Ghost x2  
  87  8:04  Nuke x2  
  93  8:30  SCV x3  
  96  8:35  Barracks  
  96  8:36  Barracks  
  96  8:37  Barracks  
  96  8:42  SCV  
  96  8:43  Ghost x2  
  96  8:44  Marine x2  
  103  8:53  Refinery  
  103  8:55  SCV  
  103  8:56  SCV x2  
  103  8:57  Command Center, Refinery  
  106  9:08  SCV x3  
  108  9:26  Nuke  
  108  9:52  Nuke  
  108  9:55  Ghost Academy  
  108  10:00  SCV x3  
  108  10:02  Terran Infantry Armor Level 3, Terran Infantry Weapons Level 3  
  108  10:05  Barracks Tech Lab x3  
  109  10:12  SCV x2  
  111  10:18  Ghost x2  
  111  10:19  Marine x2  
  115  10:29  Orbital Command  
  115  10:32  Ghost x3  
  121  10:37  Nuke  
  119  11:14  Nuke x2  
  119  11:51  Nuke  
  119  11:53  Ghost x3  
  119  11:54  Ghost x2  
  123  11:56  Marine x2  
  131  12:29  Nuke x2  
  131  12:40  Nuke  
  131  12:55  Ghost  
  131  13:20  Orbital Command  
  131  13:22  Ghost Academy, Command Center  
  131  13:29  Ghost  
  132  13:39  Nuke x3  
  132  14:03  Ghost  
  132  14:07  Ghost x2  
  132  14:08  Ghost x2  
  136  14:11  Supply Depot x2  
  136  14:12  Supply Depot x2  
  136  14:13  Supply Depot  
  129  14:32  Ghost  
  129  14:36  Ghost x4  
  139  14:48  Nuke x3  
  139  14:49  Nuke  
  139  14:54  Medivac  
  139  14:55  Ghost Academy, Medivac  
  143  15:00  Ghost  
  143  15:04  Ghost x2  
  143  15:05  Ghost x2  
  153  15:08  Refinery  
  153  15:10  Refinery  
  153  15:13  Planetary Fortress  
  153  15:15  Missile Turret  
  153  15:27  Marine x2  
  155  15:29  Ghost  
  155  15:53  Nuke x5  
  155  16:13  Ghost x4  
Show
View Real Time Build Order
Export as new Build Order

MattBarry Zerg - Winner!

Build Orders: Hatch First 

Get SALT Encoding   

  12  0:00  Drone  
  13  0:12  Overlord  
  13  0:18  Drone  
  14  0:30  Drone  
  14  0:31  Drone  
  16  0:39  Drone  
  17  0:54  Hatchery  
  16  0:58  Drone  
  16  1:00  Drone  
  18  1:09  Drone  
  19  1:14  Extractor  
  18  1:20  Spawning Pool  
  18  1:22  Drone  
  18  1:34  Drone  
  19  1:43  Drone  
  20  1:59  Drone  
  21  2:11  Queen  
  21  2:14  Queen  
  25  2:16  Metabolic Boost  
  25  2:28  Drone x3  
  25  2:29  Overlord  
  28  2:30  Overlord  
  28  2:35  Evolution Chamber  
  28  2:36  Drone  
  28  3:05  Baneling Nest  
  27  3:10  Drone x6  
  33  3:25  Drone x2  
  35  3:49  Hatchery  
  35  3:51  Zerg Ground Armor Level 1  
  34  3:57  Extractor  
  34  4:01  Drone, Extractor  
  34  4:02  Drone x7, Extractor  
  39  4:15  Pneumatized Carapace  
  39  4:29  Zergling x8  
  39  4:30  Zergling x2  
  39  4:31  Overlord x3  
  44  4:36  Lair  
  44  4:43  Evolution Chamber  
  43  4:48  Hatchery  
  42  4:57  Queen  
  44  5:07  Queen  
  41  5:39  Drone x8  
  49  6:00  Queen  
  51  6:09  Zerg Melee Weapons Level 1  
  51  6:10  Centrifugal Hooks  
  51  6:16  Zerg Ground Armor Level 2  
  51  6:18  Infestation Pit, Drone x6  
  53  6:19  Drone x6  
  53  6:22  Queen  
  64  6:42  Zergling x2  
  64  6:43  Zergling x26  
  77  6:53  Spine Crawler  
  76  6:54  Spine Crawler  
  76  6:59  Spine Crawler  
  74  7:12  Baneling x3  
  74  7:13  Baneling x17  
  74  7:14  Baneling  
  74  7:15  Baneling x2  
  74  7:16  Baneling  
  74  7:22  Nydus Network  
  73  7:28  Drone x2  
  73  7:29  Drone x3  
  78  7:38  Spore Crawler  
  78  7:42  Spore Crawler  
  76  7:45  Spore Crawler  
  76  7:50  Hive  
  75  8:05  Overseer  
  75  8:40  Nydus Canal  
  75  8:45  Overlord  
  75  8:46  Overlord x2  
  61  9:23  Adrenal Glands  
  61  9:25  Zerg Melee Weapons Level 2  
  61  9:26  Zerg Ground Armor Level 3  
  61  9:30  Overlord x2  
  61  9:39  Zergling x2  
  61  9:40  Zergling x32  
  78  9:50  Zergling x16  
  86  10:02  Zergling x6  
  89  10:41  Zergling x2  
  89  10:42  Zergling x30  
  105  10:56  Spire  
  104  10:57  Spire  
  77  11:54  Zergling x14  
  77  11:55  Zergling x38  
  101  12:11  Nydus Canal  
  71  12:55  Zergling x10  
  71  12:56  Zergling x34  
  82  13:06  Zergling x10  
  87  13:13  Zergling x2  
  87  13:14  Zergling x12  
  94  13:39  Baneling  
  94  13:40  Baneling x19  
  94  13:41  Baneling x30  
  94  13:42  Baneling x3  
  94  13:44  Baneling  
  94  13:45  Baneling x13  
  94  13:53  Zergling x22  
  94  13:54  Zergling x6  
  108  14:03  Hatchery  
  108  14:06  Hatchery  
  83  14:27  Zergling x2  
  83  14:28  Zergling x20  
  69  14:59  Zergling x8  
  78  15:00  Zergling x18  
  82  15:17  Overlord x4  
  82  15:18  Overlord x4  
  82  15:23  Baneling  
  82  15:24  Baneling x15  
  82  15:25  Baneling x5  
  82  15:32  Queen x2  
  86  15:45  Zergling x2  
  86  15:46  Zergling x52  
  86  15:47  Zergling x18, Overlord x2  
  86  15:48  Overlord x2  
  122  15:50  Baneling x2  
  122  15:56  Baneling x5  
  122  15:57  Baneling x2  
  122  15:58  Baneling  
  122  15:59  Baneling x2  
  122  16:04  Baneling x4  
  122  16:05  Baneling  
  122  16:06  Baneling  
Show
View Real Time Build Order
Export as new Build Order

Alebay Protoss - Winner!

Build Orders:  

Get SALT Encoding   

  12  0:00  Probe  
  13  0:12  Probe  
  14  0:18  Pylon  
  14  0:24  Probe  
  15  0:36  Gateway  
  15  0:37  Probe  
  16  0:49  Probe  
  17  0:50  Assimilator  
  17  1:01  Probe  
  18  1:13  Probe  
  19  1:25  Cybernetics Core, Probe  
  19  1:29  Assimilator  
  20  1:37  Probe  
  21  1:50  Probe  
  22  1:55  Warp Gate (Chrono Boost), Pylon  
  22  1:56  Nexus  
  22  2:02  Probe  
  23  2:13  Adept  
  23  2:15  Probe  
  26  2:25  Gateway  
  26  2:28  Probe  
  27  2:40  Probe  
  28  2:47  Adept  
  30  2:56  Probe  
  31  3:01  Pylon  
  31  3:08  Probe  
  31  3:10  Probe  
  33  3:20  Forge  
  33  3:22  Gateway  
  33  3:24  Probe x2  
  33  3:26  Adept x2  
  39  3:36  Probe x2  
  41  3:44  Pylon  
  42  3:48  Probe x2  
  42  3:49  Stalker x2  
  42  3:50  Protoss Ground Weapons Level 1 (Chrono Boost)  
  47  4:01  Probe x2  
  49  4:06  Pylon  
  49  4:13  Adept x2  
  53  4:19  Probe x2  
  53  4:21  Assimilator  
  55  4:30  Gateway, Twilight Council  
  55  4:34  Adept  
  55  4:37  Adept  
  59  4:39  Adept  
  59  4:40  Probe  
  62  4:48  Assimilator  
  62  4:57  Pylon  
  62  5:00  Pylon  
  62  5:02  Resonating Glaives (Chrono Boost)  
  62  5:07  Probe  
  62  5:08  Probe  
  64  5:19  Probe  
  64  5:20  Probe  
  66  5:24  Forge  
  66  5:31  Adept, Protoss Ground Armor Level 1 (Chrono Boost)  
  66  5:32  Adept x3  
  74  5:49  Photon Cannon  
  74  5:53  Photon Cannon  
  74  5:57  Pylon  
  74  5:59  Adept x3  
  80  6:11  Adept  
  82  6:17  Pylon  
  82  6:19  Pylon  
  82  6:21  Photon Cannon  
  82  6:24  Photon Cannon x2  
  82  6:29  Adept x3  
  88  6:55  Protoss Ground Weapons Level 2 (Chrono Boost)  
  88  6:58  Adept x4  
  96  7:14  Pylon  
  96  7:15  Pylon  
  96  7:18  Pylon  
  96  7:19  Gateway  
  96  7:21  Adept, Gateway  
  96  7:22  Adept x3  
  104  7:24  Gateway  
  104  7:29  Protoss Ground Armor Level 2 (Chrono Boost)  
  104  8:14  Adept x4  
  108  8:51  Stalker x6  
  108  8:52  Stalker  
  122  9:16  Blink (Chrono Boost)  
  122  9:17  Stalker  
  122  9:18  Stalker x5  
  134  9:41  Pylon  
  134  9:44  Pylon  
  134  9:45  Pylon  
  134  9:46  Pylon  
  134  9:47  Pylon, Nexus  
  134  9:50  Protoss Ground Armor Level 3  
  134  9:51  Protoss Ground Weapons Level 3  
  134  10:00  Pylon  
  134  10:02  Pylon  
  134  10:05  Pylon  
  134  10:16  Stalker x4  
  134  10:17  Stalker  
  144  10:48  Adept x2, Nexus  
  148  11:10  Adept x4  
  148  11:11  Adept  
  84  12:36  Adept x7  
  90  12:41  Gateway  
  90  12:43  Gateway  
  72  12:44  Gateway  
  72  12:46  Gateway  
  60  13:09  Stalker x6  
  60  13:10  Stalker  
  72  13:13  Probe x4  
  76  13:23  Protoss Shields Level 1 (Chrono Boost)  
  76  13:25  Probe x4  
  80  13:34  Gateway  
  80  13:35  Gateway  
  80  13:37  Gateway  
  80  13:39  Gateway  
  80  13:41  Adept x3  
  80  13:42  Adept x7  
  80  13:43  Adept  
  102  14:12  Stalker x2  
  102  14:14  Nexus  
  102  14:16  Pylon  
  106  14:19  Pylon  
  106  14:21  Pylon  
  94  14:52  Stalker x3  
  88  14:53  Stalker x6  
  90  15:20  Stalker  
  90  15:21  Stalker x5  
  94  15:22  Stalker x4  
  108  15:31  Probe x3  
  108  15:32  Probe x2  
  113  15:43  Probe x2  
  113  15:44  Probe x3  
  113  15:47  Stalker x3  
  113  15:48  Stalker  
  126  15:55  Probe x2  
  126  15:56  Probe x3  
  119  16:40  Stalker  
  119  16:41  Stalker x6  
  119  16:42  Stalker  
Tags
 
Add a new tag
Caveats
  • Supply blocks, unpowered buildings, or Contaminate may cause inaccurate times.
  • Supply counts are checked every 10 seconds.